 Dungeon Crawl Stone Soup version 0.18.1-50-g88ac8fd (webtiles) character file.

130 Gargoyl the Skirmisher (level 4, -5/37 HPs)
             Began as a Demonspawn Abyssal Knight on Oct 7, 2016.
             Was a Believer of Lugonu.
             Slain by a gnoll
             ... wielding a +0 halberd
              (12 damage)
             ... on level 3 of the Dungeon.
             The game lasted 00:03:22 (1755 turns).

Gargoyl the Skirmisher (Demonspawn Abyssal Knight)  Turns: 1755, Time: 00:03:23

Health: -5/37      AC:  8    Str: 13    XL:     4   Next: 90%
Magic:  6/6        EV:  9    Int: 13    God:    Lugonu [**....]
Gold:   233        SH:  0    Dex: 13    Spells: 0 memorised, 3 levels left

rFire  . . .     SeeInvis .     r - +2 hand axe (freeze)
rCold  + . .     Gourm    .     e - +0 scale mail
rNeg   . . .     Faith    .     (no shield)
rPois  .         Spirit   .     (no helmet)
rElec  .         Dismiss  .     (no cloak)
rCorr  .         Reflect  .     (no gloves)
SustAt .         Harm     .     (no boots)
MR     .....                    (no amulet)
Stlth  ..........               (no ring)
                                (no ring)

@: not resistant to hostile enchantments, extremely unstealthy
A: yellow scales 1, cold resistance 1
a: Depart the Abyss, Bend Space, Renounce Religion


You were on level 3 of the Dungeon.
You worshipped Lugonu.
Lugonu was pleased with you.
You were not hungry.

You visited 1 branch of the dungeon, and saw 3 of its levels.
You visited the Abyss 1 time.

You collected 233 gold pieces.

Inventory:

Hand Weapons
 a - a +1 hand axe
 r - a +2 hand axe of freezing (weapon)
Armour
 b - a +0 leather armour
 e - a +0 scale mail (worn)
Wands
 g - a wand of iceblast (9/15)
 t - a wand of iceblast (9/15)
Scrolls
 f - a scroll of summoning {unknown}
 h - 3 scrolls of identify
 j - a scroll of enchant weapon {unknown}
 m - a scroll of teleportation {unknown}
 o - a scroll of noise {unknown}
 q - a scroll of random uselessness {unknown}
 s - 2 scrolls of enchant armour {unknown}
 u - a scroll of remove curse {unknown}
 w - a scroll of magic mapping {unknown}
Potions
 i - a potion of agility {unknown}
 l - 2 potions of curing {unknown}
 n - a potion of heal wounds {unknown}
 x - 2 potions of cancellation {unknown}
Comestibles
 c - 3 bread rations
 d - a meat ration
 k - 4 fruits
 p - a slice of pizza
 v - 4 chunks of flesh


   Skills:
 + Level 3.8 Fighting
 + Level 2.5 Axes
 * Level 2.6 Armour
 + Level 1.6 Dodging
 * Level 3.6 Invocations


You had 3 spell levels left.
You didn't know any spells.

Dungeon Overview and Level Annotations

Branches:
Dungeon (3/15)

Altars:
Okawaru
The Shining One


Innate Abilities, Weirdness & Mutations

You are partially covered in yellow scales (AC +2).
Your flesh is cold resistant.


Message History

x - 2 murky green potions A gnoll comes into view.
It is wielding a halberd.
The gnoll closely misses you.
You barely miss the gnoll. The gnoll closely misses you.
You closely miss the gnoll. The gnoll hits you with a halberd!
You hit the gnoll but do no damage. The gnoll closely misses you.
You closely miss the gnoll. The gnoll hits you with a halberd.
You hit the gnoll. You freeze the gnoll.
The gnoll is lightly wounded.
The gnoll hits you with a halberd.
You closely miss the gnoll.
The gnoll is lightly wounded.
The gnoll hits you with a halberd.
You hit the gnoll but do no damage.
The gnoll is lightly wounded.
The gnoll hits you with a halberd!
* * * LOW HITPOINT WARNING * * *
A gnoll comes into view. It is wielding a halberd.
The gnoll hits you from afar with a halberd!
You die...

# #.# # #g#
###########
#.#
.(........#
#.# .#
#########.#
#.# #.# # #.#
#.# #.# # #.#
#.# #.# #
#.###.######.#
#
#.....g.@....#
#
#########.#..#
# ...........#
#######.##.# #
#.##.# #.
#.##.# #.#
####.##.# ...
#=..>##.# #
##.# #.#####.#


You could see a gnoll.

Vanquished Creatures
  A crimson imp (D:3)
  Jessica (D:2)
  3 adders
  An ooze (D:2)
  A dart slug (D:3)
  2 giant geckos (D:1)
  6 bats
  3 giant cockroaches
  4 goblins
  5 hobgoblins
  A giant newt (D:2)
  4 kobolds
  3 rats (D:1)
35 creatures vanquished.

Notes
Turn   | Place    | Note
--------------------------------------------------------------
     0 | Abyss:1  | Gargoyl the Demonspawn Abyssal Knight began the quest for the Orb.
     0 | Abyss:1  | Reached XP level 1. HP: 18/18 MP: 2/2
    65 | Abyss:3  | Found a corrupted altar of Lugonu.
    71 | Abyss:3  | Noticed a smoke demon
   118 | Abyss:4  | Noticed a vampire
   135 | Abyss:4  | Noticed a hellephant
   138 | D:1      | Escaped the Abyss
   244 | D:1      | Reached * piety under Lugonu
   346 | D:1      | Gained mutation: You are partially covered in yellow scales (AC +2). [demonic ancestry]
   346 | D:1      | Reached XP level 2. HP: 19/24 MP: 3/3
   560 | D:1      | Reached skill level 1 in Dodging
  1011 | D:2      | Reached XP level 3. HP: 21/29 MP: 5/5
  1330 | D:2      | Found a glowing golden altar of the Shining One.
  1458 | D:2      | Noticed Jessica
  1462 | D:2      | Killed Jessica
  1462 | D:2      | Gained mutation: Your flesh is cold resistant. [demonic ancestry]
  1462 | D:2      | Reached XP level 4. HP: 37/37 MP: 6/6
  1607 | D:3      | Found an iron altar of Okawaru.
  1702 | D:3      | Reached ** piety under Lugonu
  1755 | D:3      | Slain by a gnoll

Skill      XL: |  1  2  3 |
---------------+----------+-----
Armour         | 2 |  2.6
Dodging        | 1 |  1.6
Axes           | 2 |  2.5
Invocations    | 3 |  3.6
Fighting       | |  3.8

Action                   |  1- 3 |  4- 6 || total
-------------------------+-------+-------++-------
Melee: Hand axe          |    83 |    68 ||   151
Invok: Depart the Abyss  |     1 |       ||     1
  Use: Scroll            |     1 |     3 ||     4
  Eat: Chunk             |     2 |     1 ||     3
Armor: Scale mail        |    51 |    44 ||    95
Dodge: Dodged            |    41 |    32 ||    73
